 Dungeon Sprint DCSS version bcrawl-1.31 (webtiles) character file.

Game seed: 11348561641233944658

721623 Groucho the Imperceptible (level 11, 36/72 HPs)
             Began as a Felid Berserker on Mar 24, 2021.
             Was a High Priest of Trog.
             Escaped with the Orb!
             The game lasted 00:15:38 (4145 turns).

Groucho the Imperceptible (Felid Berserker)         Turns: 4145, Time: 00:15:39

Health: 36/72      AC:  2    Str: 13    XL:     11   Next: 90%
Magic:  8/12       EV: 34    Int:  8    God:    Trog [*****.]
Gold:   881        SH:  0    Dex: 20    Spells: 10/10 levels left
                                        Lives:  0   Deaths: 3

rFire    . . .     SeeInvis +     - Teeth and claws (29.0)
rCold    . . .     Gourm    .   (shield unavailable)
rNeg     . . .     Faith    .   (armour unavailable)
rPois    .         Spirit   .   (helmet unavailable)
rElec    .         Reflect  .   (cloak restricted)
rCorr    .         Harm     .   (gloves unavailable)
MR       +....     Rnd*Rage +   (boots unavailable) Stlth ++++......NoTele +
                                (no amulet)
HPRegen  0.22/turn              (no ring)
MPRegen  0.13/turn              (no ring)

@: swift, flying, very quick
A: very small, no armour, no weapons or thrown items, stealth, claws 1, fangs 3,
see invisible, [berserk 2], carnivore, speed 1, shaggy fur 2, slow metabolism 1,
sharp paws
0: Orb of Zot
a: Berserk, Trog's Hand, Brothers in Arms, Renounce Religion


You escaped.
You worshipped Trog.
Trog was extremely pleased with you.
You were completely stuffed.

You visited 1 branch You collected 1633 gold pieces.
You spent 752 gold pieces at shops.

Inventory:

Jewellery
 k - an uncursed ring of positive energy
Wands
 h - a wand of polymorph (13)
 j - a wand of enslavement (8)
 l - a wand of digging (6)
 n - a wand of acid (5)
Scrolls
 i - 2 scrolls of identify
 o - a scroll of remove curse
 p - a scroll of fog
Potions
 a - 2 potions of magic
 b - 5 potions of curing
 c - 2 potions of heal wounds
 f - a potion of berserk rage
 g - a potion of cancellation {unknown}
 r - 2 potions of agility {unknown}
Comestibles
 e - a ration {!d}


   Skills:
 + Level 15.7 Fighting
 + Level 17.1 Dodging
 + Level 26.5 Stealth
 + Level 15.9 Unarmed Combat


You had 10 spell levels left.
You didn't know any spells.
Your spell library contained the following spells:

 Spells                   Type           Power        Failure   Level  Hunger
 Animate Skeleton         Necr           N/A          41%         1    None
 Beastly Appendage        Tmut           #.....       41%         1    None
 Corona                   Hex            #......      41%         1    None
 Flame Tongue             Conj/Fire      #....        41%         1    None
 Infusion                 Chrm           #.......     41%         1    None
 Pain                     Necr           #.....       41%         1    None
 Shock                    Conj/Air       #....        41%         1    None
 Vampiric Draining        Necr           #.........   78%         3    #####..
 Agony                    Necr           #.......     99%         4    ######.
 Animate Dead             Necr           N/A          99%         4    ######.
 Dispel Undead            Necr           #.......     100%        5    #######


Dungeon Overview and Level Annotations

Branches:
Dungeon (1/1)

Altars:
Cheibriados
Dithmenos
Elyvilon
Fedhas
Gozag
Hepliaklqana
Kikubaaqudgha
Lugonu
Makhleb
Nemelex Xobeh
Okawaru
Qazlal
Ru
Sif Muna
Trog
Uskayaw
Vehumet
Wu Jian
Xom
Yredelemnul
Zin
The Shining One
Jiyva

Shops:
D (*(*(:(*}%!*([?((![[[

Annotations:
D Tiamat


Innate Abilities, Weirdness & Mutations

You cannot wear almost all types of armour.
You are incapable of wielding weapons or throwing items.
Your paws allow you to move quietly. (Stealth)
You have sharp claws.
You have razor-sharp teeth.
You have supernaturally acute eyesight. (SInv)
You are carnivorous and can eat meat at any time.
You cover ground quickly.
You are covered in thick fur. (AC +2)
You have a slow metabolism.
Your sharp claws are effective at attacking unaware monsters.
[You often lose your temper in combat.]


Message History

You feel your power leaking away. The apocalypse crab claws you!
Flames sear your flesh.
No path to travel!
No path to travel!
No path to travel!
Your troll bites the cacodemon!
Your troll claws the cacodemon!
Your troll barely misses the cacodemon.
The cacodemon hits your troll!
Your troll dies!
Your troll's corpse disappears in a puff of smoke!
Your ogre hits the apocalypse crab with a cursed +0 giant spiked club!!!
Your ogre barely misses the torturous corrupter.
The torturous corrupter mumbles some strange prayers to Lugonu.
You feel a little pissed off.
You feel angry.
Your ogre twists and deforms.
The apocalypse crab bites your ogre!
Your ogre is engulfed in flames!
The apocalypse crab claws your ogre. The apocalypse crab freezes your ogre!
Your ogre dies!
Your ogre's corpse disappears in a puff of smoke!
The cacodemon shouts!
You have escaped!

##################
#@.6.)'..#.)'..#__
#.t*2t#.))..#).'..
#.§#####+#####'#__
#..####..#...#(###
#..#__####..##§#≈§
#..#_____##'#_§§§§
#⌠⌠#_.∩...'..._#≈≈
#..._..__##_.#'##§
#..#_____###'#[#(.


You could see a cacodemon, a wretched star, a torturous corrupter and 2
apocalypse crabs.

Vanquished Creatures
  An Orb Guardian (D)
  3 fire giants (D)
  A lorocyproca (D)
  A hydra (D)
  2 centaur warriors (D)
  A deep troll (D)
  Sonja (D)
  6 unseen horrors (D)
  A lindwurm (D)
  An oklob plant (D)
  A shining eye (D)
  2 kobold demonologists (D)
  4 demonic crawlers (D)
  A hornet (D)
  A slime creature (D)
  Sigmund (D)
  2 redbacks (D)
  A yak (D)
  13 hogs (D)
  4 floating eyes (D)
  4 necrophages (D)
  An ogre (D)
  8 jellies (D)
  Ijyb (D)
  3 ballistomycetes (D)
65 creatures vanquished.

Vanquished Creatures (collateral kills)
  An Orb Guardian (D)
  A fire giant (D)
  A gelid demonspawn (D)
  An unseen horror (D)
  7 shining eyes (D)
  An ice devil (D)
  A meliai (D)
  3 floating eyes (D)
  3 necrophages (D)
  2 ballistomycetes (D)
  A ballistomycete spore (D)
22 creatures vanquished.

Vanquished Creatures (others)
  A gargoyle (D)
  A ballistomycete spore (D)
2 creatures vanquished.

Grand Total: 89 creatures vanquished

Notes
Turn   | Place    | Note
-------+----------+-------------------------------------------
     0 | D        | Groucho the Felid Berserker began the quest for the Orb.
     0 | D        | Reached XP level 1. HP: 12/12 MP: 2/2
     2 | D        | Noticed Ijyb
     3 | D        | Reached skill level 6 in Stealth
     3 | D        | Reached XP level 2. HP: 16/16 MP: 3/3
     4 | D        | Killed Ijyb
    14 | D        | Noticed an ogre
    15 | D        | Reached skill level 10 in Stealth
    15 | D        | Reached XP level 3. HP: 20/20 MP: 4/4
    16 | D        | Killed an ogre
    30 | D        | Noticed Sigmund
    31 | D        | Reached skill level 13 in Stealth
    31 | D        | Reached XP level 4. HP: 24/24 MP: 5/5
    31 | D        | Reached XP level 5. HP: 28/28 MP: 6/6
    32 | D        | Killed Sigmund
    32 | D        | Reached ** piety under Trog
    44 | D        | Found a shimmering blue altar of Sif Muna.
    45 | D        | Found an ornate altar of the Wu Jian Council.
    46 | D        | Found a radiant altar of Vehumet.
    84 | D        | Found Famuyhes's General Store.
    84 | D        | Found an ancient bone altar of Kikubaaqudgha.
    84 | D        | Found a hazy altar of Hepliaklqana.
    84 | D        | Found a stormy altar of Qazlal.
    84 | D        | Found a hide-covered altar of Uskayaw.
    84 | D        | Found a blossoming altar of Fedhas.
    84 | D        | Found a bloodstained altar of Trog.
    84 | D        | Found an iron altar of Okawaru.
    84 | D        | Found a basalt altar of Yredelemnul.
    84 | D        | Found a glowing golden altar of the Shining One.
    84 | D        | Found a snail-covered altar of Cheibriados.
    84 | D        | Found a sacrificial altar of Ru.
    84 | D        | Found a glowing silver altar of Zin.
    84 | D        | Found a shadowy altar of Dithmenos.
    84 | D        | Found a white marble altar of Elyvilon.
    84 | D        | Noticed a yak
    85 | D        | Reached skill level 15 in Stealth
    85 | D        | Gained mutation: You are covered in thick fur. (AC +2)
                  | [Felid growth]
    85 | D        | Reached XP level 6. HP: 32/32 MP: 7/7
    85 | D        | Found an opulent altar of Gozag.
    86 | D        | Killed a yak
    87 | D        | Found a sparkling altar of Nemelex Xobeh.
   107 | D        | Found a burning altar of Makhleb.
   107 | D        | Found a shimmering altar of Xom.
   107 | D        | Noticed a slime creature
   108 | D        | Reached skill level 17 in Stealth
   108 | D        | Found a viscous altar of Jiyva.
   108 | D        | Found a corrupted altar of Lugonu.
   110 | D        | Killed a slime creature
   110 | D        | Reached *** piety under Trog
   134 | D        | Noticed a centaur warrior
   134 | D        | Noticed a centaur warrior
   135 | D        | Reached skill level 21 in Stealth
   135 | D        | Reached XP level 7. HP: 36/36 MP: 8/8
   135 | D        | Reached XP level 8. HP: 40/40 MP: 9/9
   135 | D        | Killed a centaur warrior
   140 | D        | Slain by a centaur warrior
   141 | D        | Reached XP level 7. HP: -2/54 MP: 8/8
   145 | D        | Shot with an arrow by a centaur warrior
   146 | D        | Reached XP level 6. HP: -2/32 MP: 7/7
   156 | D        | Killed a centaur warrior
   345 | D        | Noticed a hornet
   348 | D        | Killed a hornet
   359 | D        | Noticed an oklob plant
   360 | D        | Reached skill level 5 in Dodging
   360 | D        | Reached skill level 22 in Stealth
   360 | D        | Reached XP level 7. HP: 37/37 MP: 8/8
   361 | D        | Killed an oklob plant
   361 | D        | Reached **** piety under Trog
   366 | D        | Noticed a redback
   366 | D        | Reached skill level 5 in Unarmed Combat
   368 | D        | Killed a redback
   369 | D        | Noticed a redback
   371 | D        | Killed a redback
   403 | D        | Noticed an unseen horror
   403 | D        | Noticed an unseen horror
   404 | D        | Reached skill level 5 in Fighting
   404 | D        | Reached XP level 8. HP: 44/44 MP: 9/9
   407 | D        | Killed an unseen horror
   409 | D        | Killed an unseen horror
   409 | D        | Reached ***** piety under Trog
   808 | D        | Reached XP level 9. HP: 49/49 MP: 10/10
   821 | D        | Reached ****** piety under Trog
  1012 | D        | Identified Secret Knowledge, Part One
  1027 | D        | Found Ziepnov's General Store.
  1027 | D        | Found Ohuef's Weapon Shop.
  1027 | D        | Found Micyhi Duha's Gadget Boutique.
  1029 | D        | Found Lilit's Food Emporium.
  1029 | D        | Found Vesajaemesh's Distillery.
  1029 | D        | Found Fitiagh's Assorted Antiques.
  1029 | D        | Found Newett's Weapon Boutique.
  1029 | D        | Found Qialic's Antique Armour Emporium.
  1029 | D        | Found Daingyby's Magic Scroll Shop.
  1029 | D        | Found Ymepios's Weapon Shoppe.
  1031 | D        | Bought a wand of digging (9) for 220 gold pieces
  1031 | D        | Found Jeykko's Antique Weapon Boutique.
  1032 | D        | Found Conoli's Armour Emporium.
  1032 | D        | Found Cuttot's Distillery.
  1033 | D        | Found Cuzime's Antique Armour Emporium.
  1057 | D        | Bought a potion of flight for 40 gold pieces
  1096 | D        | Noticed a deep troll
  1097 | D        | Reached skill level 23 in Stealth
  1098 | D        | Killed a deep troll
  1110 | D        | Found Vion's Armour Emporium.
  1231 | D        | Noticed Sonja
  1234 | D        | Killed Sonja
  1622 | D        | Found Juekkiju's Weapon Boutique.
  1634 | D        | Noticed a shining eye
  1634 | D        | Noticed a shining eye
  1634 | D        | Noticed a shining eye
  1634 | D        | Noticed a shining eye
  1634 | D        | Noticed a shining eye
  1634 | D        | Noticed a shining eye
  1635 | D        | Reached skill level 10 in Unarmed Combat
  1635 | D        | Reached XP level 10. HP: 57/57 MP: 11/11
  1637 | D        | Noticed a shining eye
  1637 | D        | Noticed a shining eye
  1637 | D        | Paralysed by a floating eye for 2 turns
  1641 | D        | Killed a shining eye
  1642 | D        | Killed a shining eye
  1643 | D        | Killed a shining eye
  1644 | D        | Killed a shining eye
  1645 | D        | Killed a shining eye
  1647 | D        | Killed a shining eye
  1649 | D        | Killed a shining eye
  1652 | D        | Killed a shining eye
  1979 | D        | Killed a gargoyle
  1984 | D        | Found Cuzeugaumu's Weapon Shop.
  1984 | D        | Found Kuov's Assorted Antiques.
  1984 | D        | Found Ruytet's Book Boutique.
  1984 | D        | Found Xulat's Antique Weapon Emporium.
  2040 | D        | Noticed a kobold demonologist
  2041 | D        | Noticed a kobold demonologist
  2044 | D        | Killed a kobold demonologist
  2045 | D        | Paralysed by a floating eye for 4 turns
  2050 | D        | Killed a kobold demonologist
  2067 | D        | Noticed a demonic crawler
  2067 | D        | Noticed a demonic crawler
  2067 | D        | Noticed a demonic crawler
  2067 | D        | Noticed a demonic crawler
  2068 | D        | Reached skill level 24 in Stealth
  2069 | D        | Killed a demonic crawler
  2070 | D        | Killed a demonic crawler
  2072 | D        | Killed a demonic crawler
  2073 | D        | Killed a demonic crawler
  2092 | D        | Noticed a lindwurm
  2094 | D        | Killed a lindwurm
  2119 | D        | Reached skill level 10 in Fighting
  2166 | D        | Noticed a 12-headed hydra
  2168 | D        | Killed a 12-headed hydra
  2197 | D        | Noticed a gargoyle
  2283 | D        | Bought a cabochon ring for 120 gold pieces
  2284 | D        | Identified a scroll of acquirement
  2284 | D        | Identified the amulet of the Furies {RegenMP rElec Str+3
                  | Dex-5 SInv} (You acquired it in the Dungeon)
  2343 | D        | Bought a tubular sapphire ring for 125 gold pieces
  2347 | D        | Bought a scroll of identify for 26 gold pieces
  2347 | D        | Bought a scroll of identify for 26 gold pieces
  2347 | D        | Bought a scroll of identify for 26 gold pieces
  2366 | D        | Bought a potion of resistance for 120 gold pieces
  2450 | D        | Bought a scroll of magic mapping for 49 gold pieces
  2494 | D        | Noticed a lorocyproca
  2495 | D        | Reached XP level 11. HP: 65/65 MP: 12/12
  2575 | D        | Killed a lorocyproca
  2621 | D        | Noticed a daeva
  2625 | D        | Noticed an unseen horror
  2625 | D        | Noticed an unseen horror
  2625 | D        | Noticed an unseen horror
  2625 | D        | Noticed an unseen horror
  2626 | D        | Reached skill level 25 in Stealth
  2631 | D        | Killed an unseen horror
  2634 | D        | Killed an unseen horror
  2635 | D        | Noticed an unseen horror
  2640 | D        | Killed an unseen horror
  2654 | D        | Killed an unseen horror
  2659 | D        | Killed an unseen horror
  3210 | D        | Noticed a fire giant
  3213 | D        | Noticed a fire giant
  3214 | D        | Noticed a fire giant
  3215 | D        | Reached skill level 15 in Dodging
  3215 | D        | Noticed a fire giant
  3217 | D        | Killed a fire giant
  3231 | D        | Killed a fire giant
  3815 | D        | Killed from afar by a fire giant
  3816 | D        | Reached XP level 10. HP: -10/65 MP: 11/11
  3841 | D        | Killed a fire giant
  3925 | D        | Killed a fire giant
  4026 | D        | Identified the +4 dragonskin cloak
  4026 | D        | Noticed Tiamat
  4027 | D        | Reached skill level 26 in Stealth
  4027 | D        | Reached skill level 15 in Unarmed Combat
  4027 | D        | Reached XP level 11. HP: 70/70 MP: 12/12
  4030 | D        | Got the Orb of Zot
  4074 | D        | Noticed an Orb Guardian
  4074 | D        | Reached skill level 15 in Fighting
  4084 | D        | Killed an Orb Guardian
  4100 | D        | Noticed a gelid demonspawn
  4107 | D        | Killed a gelid demonspawn
  4119 | D        | Noticed an Orb Guardian
  4128 | D        | Killed an Orb Guardian
  4136 | D        | Noticed a torturous corrupter
  4137 | D        | Noticed a cacodemon
  4143 | D        | Noticed a wretched star
  4145 | D        | Escaped with the Orb!

Skill      XL: |  1  2  3  4  5  6  7  8  9 10 11 |
---------------+----------------------------------+-----
Stealth        | 6 10 13 15 22 23 26 25 | 26.5
Dodging        | 5 7 8 11 16 17 | 17.1
Unarmed Combat | 4 7 8 10 15 14 | 15.9
Fighting       | 5 6 8 14 15 | 15.7

Action                   |  1- 3 |  4- 6 |  7- 9 | 10-12 || total
-------------------------+-------+-------+-------+-------++-------
Melee: Unarmed           |     2 |     8 |    46 |    80 ||   136
       Bite              |       |     1 |     5 |     7 ||    13
       Punch             |       |       |       |     6 ||     6
Invok: Berserk           |       |     1 |     3 |     3 ||     7
       Trog's Hand       |       |       |     2 |     1 ||     3
       Brothers in Arms  |       |       |     2 |    13 ||    15
Evoke: Wand              |       |       |       |     3 ||     3
  Use: Scroll            |       |     1 |       |     6 ||     7
       Potion            |       |       |       |     4 ||     4
 Stab: Sleeping          |     2 |     5 |    11 |    25 ||    43
       Distracted        |       |       |       |     1 ||     1
  Eat: Chunk             |     2 |       |       |    18 ||    20
       Ration            |       |       |     2 |       ||     2
Armor: Skin              |       |     1 |     3 |       ||     4
Dodge: Dodged            |       |     1 |    11 |    50 ||    62
